 Dungeon Crawl Stone Soup version 0.30.0-29-ga12c61a403 (webtiles) character file.

Game seed: 464306099557616346

28229 croobank the Martial Artist (level 13, -3/148 HPs)
             Began as a Gnoll Fire Elementalist on June 6, 2023.
             Was a High Priest of Vehumet.
             Slain by a four-headed hydra (5 damage)
             ... on level 5 of the Lair of Beasts.
             The game lasted 01:05:52 (14351 turns).

croobank the Martial Artist (GnFE)                 Turns: 14351, Time: 01:05:52

Health: -3/148     AC: 26    Str:  8    XL:     13   Next: 37%
Magic:  15/26      EV:  2    Int: 18    God:    Vehumet [*****.]
Gold:   889        SH:  0    Dex: 14    Spells: 7/31 levels left

rFire   x . .        X - +5 scimitar (flame)
rCold   + . .        W - orb {*channel}
rNeg    . . .        e - melded +1 steam dragon scales
rPois   +            j - melded +0 helmet
rElec   .            I - melded +2 cloak
rCorr   .            m - melded +2 pair of gloves
SInv    .            (boots currently unavailable)
Will    .....        p - amulet of regeneration
Stlth   ++++         q - +5 ring of evasion
HPRegen 1.24/turn    o - ring of ice
MPRegen 0.20/turn

%: channel magic (20%)
@: tree-form, studying Unarmed Combat
A: stationary, stasis, torment immunity, boosted hp, (fangs 1), strong nose,
distributed training
a: Renounce Religion


You were on level 5 of the Lair of Beasts.
You worshipped Vehumet.
Vehumet was extremely pleased with you.
You were a tree.
You visited 2 branches of the dungeon, and saw 15 of its levels.
You also visited: Sewer and Bailey.

You collected 889 gold pieces.

Inventory:

Hand Weapons
 a - a +1 hand axe of flaming
 g - a +2 dagger of speed
 J - a +4 quarterstaff of chaos
 K - a +3 flail of holy wrath
 M - a +4 demon trident of draining
 P - the +0 rapier of the Disturbing Moons {elec, rCorr Int+6 Dex+3}
   (You acquired it on level 2 of the Lair of Beasts)

   Int:       It affects your intelligence (+6).
   Dex:       It affects your dexterity (+3).
   rCorr:     It protects you from acid and corrosion.
 X - a +5 scimitar of flaming (weapon)
Missiles
 b - a throwing net
 S - 8 javelins
 T - 4 curare-tipped darts
Armour
 e - +1 steam dragon scales (melded)
 h - a +0 ring mail
 j - a +0 helmet (melded)
 k - a +0 leather armour
 m - a +2 pair of gloves (melded)
 x - +0 ice dragon scales
 z - a scarf of harm
 A - a +0 buckler
 I - a +2 cloak (melded)
 L - a +2 scale mail of fire resistance
 W - an orb of energy (worn)
Magical Staves
 D - the staff of death "Quidu" {rPois rN+}
   (You found it on level 5 of the Dungeon)

   [staff of death]

   Base accuracy: +5 Base damage: 5 Base attack delay: 1.2 This weapon's minimum
   attack delay (0.6) is reached at skill level 12.
   rPois:     It protects you from poison.
   rN:        It protects you from negative energy.
   It falls into the 'Staves' category.
   It is a one-handed weapon.
Jewellery
 o - a ring of ice (right branch)
 p - an amulet of regeneration (around neck)
 q - a +5 ring of evasion (left branch)
 t - a ring of flight
 V - an amulet of magic regeneration
Wands
 c - a wand of light (20)
 i - a wand of digging (2)
 B - a wand of polymorph (8)
 G - a wand of flame (84)
 U - a wand of iceblast (9)
 Y - a wand of paralysis (3)
Scrolls
 y - 3 scrolls of teleportation
 E - a scroll of amnesia
 H - 3 scrolls of fog
 O - a scroll of immolation
 Z - 2 scrolls of vulnerability
Potions
 d - 5 potions of attraction
 f - 2 potions of flight
 l - 3 potions of might
 n - 3 potions of resistance
 r - 2 potions of lignification
 s - 4 potions of brilliance {unknown}
 u - 3 potions of haste {unknown}
 v - 5 potions of mutation {unknown}
 w - 3 potions of degeneration {unknown}
 C - 4 potions of curing
 F - 3 potions of magic
 N - 3 potions of berserk rage {unknown}
 R - a potion of cancellation {unknown}


   Skills:
 + Level 8.5 Fighting
 + Level 8.5 Short Blades
 + Level 8.5 Long Blades
 + Level 8.5 Axes
 + Level 8.5 Maces & Flails
 + Level 8.5 Polearms
 + Level 8.5 Staves
 + Level 8.5 Ranged Weapons
 + Level 8.5 Throwing
 + Level 8.5 Armour
 + Level 9.7 Dodging
 + Level 9.5 Stealth
 + Level 8.5 Shields
 + Level 11.7 Unarmed Combat
 + Level 9.9 Spellcasting
 + Level 7.4 Conjurations
 + Level 7.1 Hexes
 + Level 7.1 Summonings
 + Level 7.1 Necromancy
 + Level 7.1 Translocations
 + Level 7.1 Transmutations
 + Level 9.1 Fire Magic
 + Level 7.1 Ice Magic
 + Level 7.1 Air Magic
 + Level 7.1 Earth Magic
 + Level 7.1 Poison Magic
 + Level 9.3 Invocations
 + Level 8.5 Evocations


You had 7 spell levels left.
You knew the following spells:

 Your Spells              Type           Power      Damage    Failure   Level
a - Foxfire               Conj/Fire      100%       2x1d9     1%          1
b - Scorch                Fire           82%        2d8       1%          2
c - Inner Flame           Hex/Fire       38%        N/A       1%          3
d - Flame Wave            Conj/Fire      38%        2d10      2%          4
e - Momentum Strike       Conj/Tloc      70%        3d9       1%          2
f - Poisonous Vapours     Pois/Air       68%        N/A       1%          2
g - Mephitic Cloud        Conj/Pois/Air  35%        N/A       1%          3
h - Ignite Poison         Fire/Tmut/Pois 37%        N/A       1%          3
i - Airstrike             Air            17%        2d(3-19)  3%          4

Your spell library contained the following spells:

 Spells                   Type           Power      Damage    Failure   Level
 Plasma Beam              Fire/Air       19%        2x1d33    21%         6
 Dazzling Flash           Conj/Hex       70%        N/A       1%          3
 Volatile Blastmotes      Fire/Tloc      76%        2d16      1%          3
 Sticky Flame             Conj/Fire      38%        2d6       2%          4
 Ozocubu's Armour         Ice            51%        N/A       6%          3
 Portal Projectile        Hex/Tloc       68%        N/A       6%          3
 Tukima's Dance           Hex            34%        N/A       6%          3
 Agony                    Necr           34%        N/A       28%         5
 Blade Hands              Tmut           17%        N/A       28%         5
 Silence                  Hex/Air        17%        N/A       28%         5
 Ozocubu's Refrigeration  Ice            25%        4d13      77%         7
 Ignition                 Fire           20%        3d7       98%         8
 Chain Lightning          Conj/Air       17%        3d23      100%        9
 Fire Storm               Conj/Fire      19%        8d5       100%        9
 Shatter                  Erth           17%        3d16*     100%        9


Dungeon Overview and Level Annotations

Branches:
Dungeon (10/15)            Temple (0/1) D:4            Lair (5/5) D:8
 Shoals (0/4) Lair:3        Snake (0/4) Lair:2        Sewer (visited)
 Bailey (visited)
  Slime: Lair:4-5       Orc: D:9-12

Altars:
Dithmenos
Elyvilon
Makhleb
Vehumet
Wu Jian
Xom

Annotations:
D:9 exclusion: downstairs
D:10 !Harold, Harold


Innate Abilities, Weirdness & Mutations

You are a tree.
Your roots penetrate the ground, keeping you stationary.
You cannot be teleported.
You are immune to unholy pain and torment.
Your maximum health is greatly increased.
Your equipment is partially melded.
((You have very sharp teeth.))
Your uncanny sense of smell can sniff out nearby items.
Your experience applies equally to all skills.


Message History

* * * LOW HITPOINT WARNING * * *
The five-headed hydra bites you but does no damage.
Really quaff the potion of lignification?
You turn into a tree.
Your +2 cloak melds into your body.
Your +0 helmet melds into your body.
Your +2 pair of gloves melds into your body.
Your +1 steam dragon scales melds into your body.
Your roots penetrate the ground.
The five-headed hydra bites you but does no damage. x5
You slice one of the five-headed hydra's heads off!
The flame cauterises the wound!
You slash the four-headed hydra! You burn the four-headed hydra.
The four-headed hydra is moderately wounded.
The four-headed hydra bites you but does no damage. x2
The four-headed hydra bites you!
* * * LOW HITPOINT WARNING * * *
The four-headed hydra bites you!
* * * LOW HITPOINT WARNING * * *
Okay, then.
Okay, then.
Casting: Scorch (safe; 1% risk of failure)
Confirm with . or Enter, or press ? or * to list all spells.
Okay, then.
Okay, then.
Aiming: Paralyse
Press: ? - help, Shift-Dir - straight line, f - four-headed hydra
Aim: a four-headed hydra (moderately wounded, more vulnerable to fire, chance to affect: 33%)
Okay, then.
Aiming: Bolt of Light
Press: ? - help, Shift-Dir - straight line, f - four-headed hydra
Aim: a four-headed hydra (moderately wounded, more vulnerable to fire, 91% to hit)
The bolt of light hits the four-headed hydra!!
The four-headed hydra is severely wounded.
The four-headed hydra is blinded.
The four-headed hydra is no longer more vulnerable to fire.
The four-headed hydra bites you.
* * * LOW HITPOINT WARNING * * *
The four-headed hydra bites you but does no damage. x2
The four-headed hydra bites you.
You die...

..........|#.#
.........†...#
.....[......##
...........##
..$........##
............#
....[.......#
.#..###....##
### ###♣.#
#D.# †...#
...$## ∆......
........
.###..... .(
.#.....


You could see a four-headed hydra (blind).

Vanquished Creatures
  2 hydras
  An ice dragon (Lair:3)
  Erica (Lair:1)
  2 two-headed ogres
  2 skysharks
  A lindwurm (Lair:2)
  A necromancer (Lair:2)
  An oklob plant (Lair:3)
  3 black mambas
  Joseph (D:7)
  A guardian serpent (Lair:2)
  A merfolk siren (Lair:3)
  8 cane toads
  5 komodo dragons
  5 rime drakes
  Psyche (D:9)
  A hornet (D:9)
  3 polar bears
  14 blink frogs
  A vampire (D:9)
  3 spriggans (Bailey)
  5 wyverns
  32 yaks
  Grum (D:9)
  3 steam dragons
  Edmund (D:5)
  10 water moccasins
  Duvessa (D:4)
  2 orc warriors (D:8)
  2 sky beasts
  2 ice beasts
  3 wolves
  5 ogres
  A phantom (D:6)
  3 kobold brigands
  Blork the orc (D:5)
  12 bullfrogs
  5 scorpions
  4 wights (D:6)
  Dowan (D:4)
  4 howler monkeys
  5 hounds
  A jelly (D:6)
  An orc priest (D:8)
  Crazy Yiuf (D:5)
  2 gnoll boudas (D:8)
  A sleepcap (D:6)
  Ijyb (D:3)
  4 iguanas
  An orc wizard (D:6)
  A hell rat (Sewer)
  2 polar bear simulacra (Lair:2)
  3 yak simulacra (Lair:2)
  3 wolf simulacra (Lair:2)
  9 gnolls (D:8)
  6 adders
  6 river rats
  A shadow imp (D:5)
  A white imp (D:6)
  2 ufetubi (D:6)
  A worm (D:4)
  A dart slug (D:5)
  16 orcs
  3 ball pythons
  5 bats
  7 endoplasms
  5 giant cockroaches
  7 goblins
  5 hobgoblins
  4 jackals (D:4)
  19 kobolds
  2 quokkas
  3 frilled lizards
  14 rats
  3 river rat simulacra (Lair:2)
302 creatures vanquished.

Vanquished Creatures (collateral kills)
  4 foxfires
4 creatures vanquished.

Vanquished Creatures (others)
  A shadow (D:9)
  619 foxfires
620 creatures vanquished.

Grand Total: 926 creatures vanquished

Notes
Turn   | Place    | Note
-------+----------+-------------------------------------------
     0 | D:1      | croobank the Gnoll Fire Elementalist began the quest for
                  | the Orb.
     0 | D:1      | Reached XP level 1. HP: 13/13 MP: 6/6
   213 | D:1      | Reached XP level 2. HP: 19/19 MP: 7/7
   281 | D:1      | Learned a level 2 spell: Scorch
   689 | D:2      | Reached skill level 5 in Spellcasting
   689 | D:2      | Reached XP level 3. HP: 25/25 MP: 5/9
   966 | D:2      | Found a radiant altar of Vehumet.
   973 | D:2      | Became a worshipper of Vehumet
  1424 | D:3      | Reached skill level 1 in Invocations
  1468 | D:3      | Noticed Ijyb
  1478 | D:3      | Killed Ijyb
  1479 | D:3      | Reached skill level 1 in Fighting
  1479 | D:3      | Reached skill level 1 in Short Blades
  1479 | D:3      | Reached skill level 1 in Long Blades
  1479 | D:3      | Reached skill level 1 in Axes
  1479 | D:3      | Reached skill level 1 in Maces & Flails
  1479 | D:3      | Reached skill level 1 in Polearms
  1479 | D:3      | Reached skill level 1 in Staves
  1479 | D:3      | Reached skill level 1 in Ranged Weapons
  1479 | D:3      | Reached skill level 1 in Throwing
  1479 | D:3      | Reached skill level 1 in Armour
  1479 | D:3      | Reached skill level 1 in Shields
  1479 | D:3      | Reached skill level 1 in Unarmed Combat
  1479 | D:3      | Reached skill level 1 in Evocations
  1479 | D:3      | Reached XP level 4. HP: 5/32 MP: 8/11
  1686 | D:3      | Reached skill level 1 in Hexes
  1686 | D:3      | Reached skill level 1 in Summonings
  1686 | D:3      | Reached skill level 1 in Necromancy
  1686 | D:3      | Reached skill level 1 in Translocations
  1686 | D:3      | Reached skill level 1 in Transmutations
  1686 | D:3      | Reached skill level 1 in Ice Magic
  1686 | D:3      | Reached skill level 1 in Air Magic
  1686 | D:3      | Reached skill level 1 in Earth Magic
  1686 | D:3      | Reached skill level 1 in Poison Magic
  2293 | D:3      | Reached XP level 5. HP: 37/37 MP: 9/12
  2482 | D:4      | Reached * piety under Vehumet
  2482 | D:4      | Offered knowledge of Magic Dart by Vehumet.
  2594 | D:4      | Noticed an ogre
  2598 | D:4      | Killed an ogre
  2599 | D:4      | Reached skill level 5 in Dodging
  2599 | D:4      | Reached skill level 2 in Unarmed Combat
  2599 | D:4      | Reached XP level 6. HP: 25/44 MP: 4/14
  2773 | D:4      | Noticed Dowan
  2778 | D:4      | Noticed Duvessa
  2926 | D:4      | Learned a level 3 spell: Inner Flame
  2989 | D:4      | Found a staircase to the Ecumenical Temple.
  3042 | D:5      | Entered Level 5 of the Dungeon
  3061 | D:5      | Noticed Edmund
  3073 | D:5      | Noticed a water moccasin
  3077 | D:5      | Found a shadowy altar of Dithmenos.
  3179 | D:5      | Reached XP level 7. HP: 39/51 MP: 7/15
  3226 | D:5      | Reached skill level 5 in Stealth
  3233 | D:5      | Found a glowing drain.
  3252 | D:5      | Identified the staff of death "Quidu" {rPois rN+}
  3296 | Sewer    | Entered a sewer
  3775 | D:4      | Reached ** piety under Vehumet
  3898 | D:4      | Learned a level 4 spell: Flame Wave
  3988 | D:4      | Killed Duvessa
  3988 | D:4      | Offered knowledge of Momentum Strike by Vehumet.
  3989 | D:4      | Reached skill level 3 in Unarmed Combat
  4047 | D:4      | Killed Dowan
  4048 | D:4      | Reached XP level 8. HP: 58/58 MP: 7/16
  4209 | D:4      | Learned a level 2 spell: Momentum Strike
  4431 | D:5      | Found a runed translucent door.
  4432 | D:5      | Noticed Crazy Yiuf
  4438 | D:5      | Killed Crazy Yiuf
  4540 | D:5      | Killed Edmund
  4741 | D:5      | Noticed Blork the orc
  4750 | D:5      | Killed Blork the orc
  4967 | D:6      | Reached skill level 4 in Unarmed Combat
  5362 | D:6      | Reached XP level 9. HP: 59/65 MP: 7/18
  5373 | D:6      | Reached skill level 5 in Unarmed Combat
  5447 | D:6      | Offered knowledge of Poisonous Vapours by Vehumet.
  5451 | D:6      | Learned a level 2 spell: Poisonous Vapours
  6095 | D:7      | Noticed Joseph
  6102 | D:7      | Killed Joseph
  6133 | D:7      | Reached skill level 5 in Invocations
  6137 | D:7      | Reached *** piety under Vehumet
  6196 | D:7      | Found an ornate altar of the Wu Jian Council.
  6216 | D:7      | Found a flagged portal.
  6223 | Bailey   | Entered a bailey
  6267 | Bailey   | Reached skill level 6 in Unarmed Combat
  6334 | Bailey   | Noticed a two-headed ogre
  6341 | Bailey   | Killed a two-headed ogre
  6342 | Bailey   | Reached skill level 5 in Fighting
  6342 | Bailey   | Reached skill level 5 in Short Blades
  6342 | Bailey   | Reached skill level 5 in Long Blades
  6342 | Bailey   | Reached skill level 5 in Axes
  6342 | Bailey   | Reached skill level 5 in Maces & Flails
  6342 | Bailey   | Reached skill level 5 in Polearms
  6342 | Bailey   | Reached skill level 5 in Staves
  6342 | Bailey   | Reached skill level 5 in Ranged Weapons
  6342 | Bailey   | Reached skill level 5 in Throwing
  6342 | Bailey   | Reached skill level 5 in Armour
  6342 | Bailey   | Reached skill level 5 in Shields
  6342 | Bailey   | Reached skill level 5 in Evocations
  6342 | Bailey   | Reached XP level 10. HP: 74/74 MP: 16/20
  6356 | Bailey   | Reached skill level 7 in Unarmed Combat
  6600 | D:7      | Reached skill level 5 in Conjurations
  6685 | D:7      | Found a shimmering altar of Xom.
  6686 | D:7      | Found a shimmering altar of Xom.
  6686 | D:7      | Found a shimmering altar of Xom.
  7133 | D:7      | Found a radiant altar of Vehumet.
  7138 | D:7      | Found a white marble altar of Elyvilon.
  7197 | D:7      | Found a burning altar of Makhleb.
  7583 | D:8      | Offered knowledge of Mephitic Cloud by Vehumet.
  7589 | D:8      | Learned a level 3 spell: Mephitic Cloud
  7593 | D:8      | Learned a level 3 spell: Ignite Poison
  8067 | D:8      | Found a staircase to the Lair.
  8529 | D:9      | Noticed Grum
  8537 | D:9      | Killed Grum
  8666 | D:9      | Noticed Psyche
  8671 | D:9      | Paralysed by Psyche for 2 turns
  8678 | D:9      | Killed Psyche
  8678 | D:9      | Reached **** piety under Vehumet
  8679 | D:9      | Reached skill level 8 in Unarmed Combat
  8997 | D:9      | Noticed a two-headed ogre
  9003 | D:9      | Killed a two-headed ogre
  9004 | D:9      | Reached skill level 5 in Hexes
  9004 | D:9      | Reached skill level 5 in Summonings
  9004 | D:9      | Reached skill level 5 in Necromancy
  9004 | D:9      | Reached skill level 5 in Translocations
  9004 | D:9      | Reached skill level 5 in Transmutations
  9004 | D:9      | Reached skill level 5 in Ice Magic
  9004 | D:9      | Reached skill level 5 in Air Magic
  9004 | D:9      | Reached skill level 5 in Earth Magic
  9004 | D:9      | Reached skill level 5 in Poison Magic
  9004 | D:9      | Reached XP level 11. HP: 81/81 MP: 17/23
  9171 | D:10     | Entered Level 10 of the Dungeon
  9182 | D:10     | Noticed Harold
  9353 | Lair:1   | Entered Level 1 of the Lair of Beasts
  9397 | Lair:1   | Offered knowledge of Airstrike by Vehumet.
  9404 | Lair:1   | Learned a level 4 spell: Airstrike
  9453 | Lair:1   | Noticed Erica
  9475 | Lair:1   | Killed Erica
  9627 | Lair:1   | Reached skill level 9 in Unarmed Combat
  9810 | Lair:1   | Noticed a seven-headed hydra
  9819 | Lair:1   | Killed a five-headed hydra
 10704 | Lair:2   | Noticed a lindwurm
 10717 | Lair:2   | Killed a lindwurm
 11037 | Lair:2   | Reached XP level 12. HP: 91/91 MP: 18/24
 11298 | Lair:2   | Identified 2 scrolls of acquirement
 11298 | Lair:2   | Acquired a +4 demon trident of draining
 11425 | Lair:2   | Reached skill level 10 in Unarmed Combat
 11687 | Lair:2   | Found a staircase to the Snake Pit.
 11715 | Lair:2   | Reached ***** piety under Vehumet
 11729 | Lair:2   | Offered knowledge of Plasma Beam by Vehumet.
 11877 | Lair:3   | Noticed an eight-headed hydra
 11885 | Lair:3   | Killed a six-headed hydra
 12455 | Lair:3   | Acquired the +0 rapier of the Disturbing Moons {elec, rCorr
                  | Int+6 Dex+3}
 12536 | Lair:3   | Reached skill level 11 in Unarmed Combat
 12596 | Lair:3   | Noticed a skyshark
 12616 | Lair:3   | Killed a skyshark
 12705 | Lair:3   | Found a staircase to the Shoals.
 13017 | Lair:3   | Noticed an ice dragon
 13044 | Lair:3   | Reached XP level 13. HP: 86/98 MP: 18/26
 13080 | Lair:3   | Killed an ice dragon
 13433 | Lair:4   | HP: 4/99 [poisoned by a black mamba]
 13438 | Lair:3   | HP: 2/99 [poisoned by a black mamba]
 14299 | Lair:5   | Entered Level 5 of the Lair of Beasts
 14350 | Lair:5   | HP: 4/148 [four-headed hydra (10)]
 14351 | Lair:5   | Slain by a four-headed hydra

Illustrated notes

Levels and vault maps discovered:
D:1:      ncdulo_smallfort, layout_rooms
D:2:      layout_basic, basic_altar, minmay_misc_feat_pillars
D:3:      minmay_spotlight, layout_loops_cross, uniq_ijyb
D:4:      layout_loops_corners, temple_hall, uniq_duvessa
D:5:      layout_basic, mainiacjoe_overflow_paths, portal_sewer_entry_a,
          amcnicky_mini_rare_corridor_liquid, uniq_edmund,
          uniq_crazy_yiuf_cottage, uniq_blork_the_orc
D:6:      layout_basic
D:7:      layout_loops_ring, makhleb_heckhound_becter, minitemple,
          xom_redecorated, enter_bailey_3, minmay_misc_feat_room,
          dreamdust_princess_bridge, uniq_joseph
D:8:      layout_gridville, david_lair_shrubbed, chequers_serial_rivers_room_b
D:9:      layout_loops_ring, uniq_grum, uniq_psyche
D:10:     layout_rooms, minmay_fire_ice_demons, uniq_lodul, uniq_fannar,
          uniq_nergalle, uniq_harold
Lair:1:   layout_loops_ring, serial_forest, infiniplex_forest_zigzag_2,
          infiniplex_forest_straight_4, infiniplex_forest_diagonal,
          infiniplex_forest_zigzag_2, infiniplex_forest_lined_1,
          infiniplex_forest_clump_curved, infiniplex_forest_zigzag_1,
          infiniplex_staircase_pool, grunt_megastairs_3, serial_bayou_shore_a,
          uniq_erica
Lair:2:   layout_concentric_octagons, minmay_snake_entry_spellcaster,
          serial_rivers, chequers_serial_rivers_micro_a,
          chequers_serial_rivers_micro_d, chequers_serial_rivers_room_a,
          chequers_serial_rivers_small_3, chequers_serial_rivers_micro_d,
          chequers_serial_rivers_marsh, eino_house_with_fridge
Lair:3:   layout_cave_pods, minmay_shoals_entry_lonely_mermaid,
          portal_ice_cave_entry_animals_and_master, grunt_megastairs_1
Lair:4:   layout_cave_shapes, cheibrodos_lair_caveside_slide,
          chequers_serial_rivers_small_3
Lair:5:   hellmonk_lair_end_abyssal_woods, layout_small_grid, slime_entry_1,
          lemuel_fruit_tree

Skill      XL: |  1  2  3  4  5  6  7  8  9 10 11 12 13 |
---------------+----------------------------------------+-----
Conjurations   | 2 3 4 5 6 7 |  7.4
Spellcasting   | 5 6 7 8 9 |  9.9
Invocations    | 1 2 3 4 5 6 7 8 9 |  9.3
Fighting       | 1 2 3 5 6 7 8 |  8.5
Short Blades   | 1 2 3 5 6 7 8 |  8.5
Long Blades    | 1 2 3 5 6 7 8 |  8.5
Axes           | 1 2 3 5 6 7 8 |  8.5
Maces & Flails | 1 2 3 5 6 7 8 |  8.5
Polearms       | 1 2 3 5 6 7 8 |  8.5
Staves         | 1 2 3 5 6 7 8 |  8.5
Ranged Weapons | 1 2 3 5 6 7 8 |  8.5
Throwing       | 1 2 3 5 6 7 8 |  8.5
Armour         | 1 2 3 5 6 7 8 |  8.5
Shields        | 1 2 3 5 6 7 8 |  8.5
Unarmed Combat | 1 2 3 4 6 8 9 11 | 11.7
Evocations     | 1 2 3 5 6 7 8 |  8.5
Hexes          | 1 2 3 4 5 6 7 |  7.1
Summonings     | 1 2 3 4 5 6 7 |  7.1
Necromancy     | 1 2 3 4 5 6 7 |  7.1
Translocations | 1 2 3 4 5 6 7 |  7.1
Transmutations | 1 2 3 4 5 6 7 |  7.1
Ice Magic      | 1 2 3 4 5 6 7 |  7.1
Air Magic      | 1 2 3 4 5 6 7 |  7.1
Earth Magic    | 1 2 3 4 5 6 7 |  7.1
Poison Magic   | 1 2 3 4 5 6 7 |  7.1
Dodging        | 5 6 7 8 9 |  9.7
Stealth        | 5 6 7 8 9 |  9.5
Fire Magic     | 6 7 8 9 |  9.1

Action                     |  1- 3 |  4- 6 |  7- 9 | 10-12 | 13-15 || total
---------------------------+-------+-------+-------+-------+-------++-------
  Melee: Hand axe          |     1 |    26 |    65 |       |       ||    92
         Bite              |     1 |     3 |     4 |    24 |     7 ||    39
         Punch             |       |       |     2 |     3 |       ||     5
         Dagger            |       |       |       |    57 |     1 ||    58
         Scimitar          |       |       |       |    90 |    58 ||   148
         Rapier            |       |       |       |     5 |       ||     5
   Fire: Sling             |    54 |    22 |     1 |       |       ||    77
   Cast: Foxfire           |    21 |    21 |   119 |   194 |    15 ||   370
         Scorch            |    14 |    36 |    68 |   186 |    32 ||   336
         Inner Flame       |       |       |     5 |     1 |       ||     6
         Momentum Strike   |       |       |     3 |       |       ||     3
         Poisonous Vapours |       |       |     1 |       |       ||     1
         Mephitic Cloud    |       |       |       |    16 |       ||    16
         Ignite Poison     |       |       |       |    10 |       ||    10
         Flame Wave        |       |       |       |    15 |     7 ||    22
  Evoke: Wand              |       |       |       |     4 |     1 ||     5
    Use: Scroll            |     3 |     5 |     8 |    14 |     5 ||    35
         Potion            |     1 |       |       |     1 |     5 ||     7
   Stab: Sleeping          |       |       |     1 |     2 |     1 ||     4
         Distracted        |       |       |       |     1 |       ||     1
         Confused          |       |       |       |     1 |       ||     1
 Armour: Robe              |     4 |    12 |     3 |       |       ||    19
         Steam dragon scal |       |       |    18 |    78 |    46 ||   142
         Skin              |       |       |       |       |     9 ||     9
  Dodge: Dodged            |    17 |    28 |    86 |   216 |   143 ||   490
